 Dungeon Crawl Stone Soup version 0.21.0 (webtiles) character file.

14 MatthieuS the Conjurer (level 2, 0/16 HPs)
             Began as a Tengu Conjurer on July 24, 2018.
             Slain by a jackal (3 damage)
             ... on level 1 of the Dungeon.
             The game lasted 00:02:12 (502 turns).

MatthieuS the Conjurer (Tengu Conjurer)              Turns: 502, Time: 00:02:13

Health: 0/16       AC:  2    Str:  8    XL:     2   Next: 45%
Magic:  0/6        EV: 12    Int: 15    God:
Gold:   0          SH:  0    Dex: 14    Spells: 2/5 levels left

rFire    . . .     SeeInvis .   g - +0 hunting sling
rCold    . . .     Gourm    .   (no shield)
rNeg     . . .     Faith    .   a - +0 robe
rPois    .         Spirit   .   (helmet restricted)
rElec    .         Reflect  .   (no cloak)
rCorr    .         Harm     .   (no gloves)
MR       .....                  (boots unavailable)
Stlth    ++........             (no amulet)
HPRegen  0.05/turn              (no ring)
MPRegen  0.10/turn              (no ring)

@: no status effects
A: beak, talons 3
a: no special abilities


You were on level 1 of the Dungeon.
You were not hungry.

You visited 1 branch of the dungeon, and saw 1 of its levels.

Inventory:

Hand Weapons
 g - a +0 hunting sling (weapon)
Missiles
 h - 8 stones
 j - 5 sling bullets (quivered)
Armour
 a - a +0 robe (worn)
Scrolls
 d - a scroll of magic mapping {unknown}
 e - a scroll of noise {unknown}
 k - a scroll of enchant armour {unknown}
 n - a scroll of teleportation {unknown}
Potions
 i - a potion of haste {unknown}
 l - a potion of mutation {unknown}
 m - a potion of might {unknown}
Books
 b - a book of Conjurations

   Spells                             Type                      Level
   a - Magic Dart                     Conjuration                  1
   b - Searing Ray                    Conjuration                  2
   c - Dazzling Spray                 Conjuration/Hexes            3
   d - Fulminant Prism                Conjuration/Hexes            4
   e - Force Lance                    Conjuration/Translocation    4
   f - Iskenderun's Mystic Blast      Conjuration                  4
Comestibles
 c - 2 rations
 f - 3 chunks of flesh


   Skills:
 * Level 1.1 Fighting
 + Level 0.5 Armour
 - Level 2.1 Dodging
 - Level 2.0 Stealth
 * Level 2.2 Spellcasting
 + Level 5.4 Conjurations


You had 2 spell levels left.
You knew the following spells:

 Your Spells              Type           Power        Failure   Level  Hunger
a - Magic Dart            Conj           ###.         2%          1    #......
b - Searing Ray           Conj           ###...       3%          2    ###....


Dungeon Overview and Level Annotations

Branches:
Dungeon (1/15)

Altars:


Innate Abilities, Weirdness & Mutations

You have a beak for a mouth.
You have claws for feet.


Message History

The jackal is severely wounded.
The jackal closely misses you. The jackal barely misses you.
Unknown command.
Firing (i - inventory. (,) - cycle):
j - 6 sling bullets (quivered)
Press: ? - help, Shift-Dir - straight line, f/p - jackal
Aim: a jackal (severely wounded)
You shoot a sling bullet.
The sling bullet closely misses the jackal.
The jackal closely misses you. The jackal bites you.
* * * LOW HITPOINT WARNING * * *
Unknown command.
Casting: Magic Dart
Confirm with . or Enter, or press ? or * to list all spells.
Aiming: Magic Dart
Press: ? - help, Shift-Dir - straight line, f/p - jackal
Aim: a jackal (severely wounded)
The magic dart hits the jackal.
The jackal is severely wounded.
The jackal bites you.
You die...

#######.### ##.# #
#.......######### #.# #
#.#....##.......###'###
#....#........#†##.....
...#.##(.......#........ .#
#..#........###......
###.##.......# #......
########...##.......####...(.
.....).....h@................
####.###.####.......######.#.
#.# #.......# #.#. #.#
#.......# #.#. #.# #########
#... #.. #### ### # # ######
#


You could see a jackal.

Vanquished Creatures
  A leopard gecko (D:1)
  A hobgoblin (D:1)
  2 bats (D:1)
  A frilled lizard (D:1)
  3 goblins (D:1)
  4 kobolds (D:1)
  2 rats (D:1)
14 creatures vanquished.

Notes
Turn   | Place    | Note
-------+----------+-------------------------------------------
     0 | D:1      | MatthieuS the Tengu Conjurer began the quest for the Orb.
     0 | D:1      | Reached XP level 1. HP: 10/10 MP: 4/4
   377 | D:1      | Reached XP level 2. HP: 16/16 MP: 4/6
   381 | D:1      | Learned a level 2 spell: Searing Ray
   412 | D:1      | Reached skill level 1 in Fighting
   502 | D:1      | Slain by a jackal

Skill      XL: |  1  2 |
---------------+-------+-----
Fighting       | 1 |  1.1
Armour         | |  0.5
Dodging        | |  2.1
Stealth        | |  2.0
Spellcasting   | |  2.2
Conjurations   | |  5.4

Action                   || total
-------------------------++-------
 Fire: Hunting sling     ||     8
 Cast: Magic Dart        ||    27
Armor: Robe              ||     1
Dodge: Dodged            ||     9
